 Dungeon Crawl Stone Soup version 0.28-a0-1387-g3a22ab9bdc (webtiles) character file.

Game seed: 14480913398107363955

9563 browni3141 the Cleaver (level 11, -6/133 HPs)
             Began as a Palentonga Berserker on Jan 3, 2022.
             Was an Elder of Trog.
             Mangled by a moth of wrath (13 damage)
             ... in a Gauntlet.
             The game lasted 00:21:14 (11088 turns).

browni3141 the Cleaver (Palentonga Berserker)      Turns: 11088, Time: 00:21:15

Health: -6/133     AC: 21    Str: 20    XL:     11   Next: 24%
Magic:  11/11      EV: 12    Int:  8    God:    Trog [****..]
Gold:   546        SH:  0    Dex: 14    Spells: 10/10 levels left

rFire   . . .      SeeInvis +   v - +0 war axe
rCold   + . .      Faith    +   (no shield)
rNeg    . . .      Spirit   .   j - +1 ring mail {rC+}
rPois   .          Reflect  .   F - +0 helmet
rElec   .          Harm     .   T - +0 cloak {rCorr}
rCorr   +          Rampage  .   s - +0 pair of gloves
Will    .....      NoTele   +   (no barding)
Stlth   ..........              R - amulet of faith
HPRegen 0.32/turn               h - +4 ring of protection
MPRegen 0.12/turn               p - +4 ring of slaying

@: berserking (expiring), lethally poisoned (-6 -> -76), curled up, very quick
A: large, rugged brown scales 3, see invisible, deformed body, roll 1, armoured
tail, reflexive curl
a: Rolling Charge, Renounce Religion, Berserk, Trog's Hand, Brothers in Arms


You were in a Gauntlet.
You worshipped Trog.
Trog was greatly pleased with you.
You visited 1 branch of the dungeon, and saw 12 of its levels.
You also visited: Gauntlet.

You collected 574 gold pieces.
You spent 28 gold pieces at shops.

Inventory:

Hand Weapons
 a - a +0 hand axe
 v - a +0 war axe (weapon)
Missiles
 y - 6 datura-tipped darts
 C - 8 poisoned darts
 Q - 2 throwing nets
Armour
 b - a +0 animal skin
 f - a +0 scale mail
 j - a +1 ring mail of cold resistance (worn)
 k - an orb of wrath
 s - a +0 pair of gloves (worn)
 F - a +0 helmet (worn)
 L - a +1 cloak
 T - a +0 cloak of preservation (worn)
Jewellery
 h - a +4 ring of protection (left hand)
 p - a +4 ring of slaying (right hand)
 H - a +6 ring of intelligence
 R - an amulet of faith (around neck)
Wands
 d - a wand of iceblast (9)
 o - a wand of flame (87)
 q - a wand of charming (10)
 r - a wand of digging (3)
 x - a wand of polymorph (8)
 A - a wand of paralysis (18)
 O - a wand of mindburst (11)
Scrolls
 e - 5 scrolls of fog
 g - 5 scrolls of noise
 i - 2 scrolls of amnesia
 D - 4 scrolls of teleportation
 E - 5 scrolls of magic mapping
 J - a scroll of silence
 K - a scroll of brand weapon {unknown}
 M - 2 scrolls of vulnerability {unknown}
Potions
 c - a potion of cancellation
 l - a potion of lignification
 m - 5 potions of mutation
 n - 3 potions of attraction
 t - a potion of berserk rage
 u - a potion of ambrosia {unknown}
 w - 4 potions of heal wounds
 z - 3 potions of haste {unknown}
 B - 3 potions of invisibility
 G - a potion of degeneration {unknown}
 I - a potion of resistance {unknown}
 N - a potion of brilliance {unknown}
Miscellaneous
 P - a tin of tremorstones (2/2)
 S - a phantom mirror


   Skills:
 + Level 7.5 Fighting
 + Level 11.4 Axes
 - Level 1.5 Armour
 * Level 8.3 Dodging
 + Level 6.6 Evocations


You had 10 spell levels left.
You didn't know any spells.
Your spell library was empty.

Dungeon Overview and Level Annotations

Branches:
Dungeon (12/15)            Temple (0/1) D:6            Lair (0/6) D:11
    Orc (0/2) D:10        Gauntlet (1/1)

Altars:
Elyvilon
Trog

Shops:
D:8 ?*

Annotations:
D:4 1 runed translucent door, Crazy Yiuf
D:11 2 transporters, Firecrotchwizard's ghost, journeyman HOMo Gauntlet 11 transporters, exclusion: oklob plant


Innate Abilities, Weirdness & Mutations

You are completely covered in rugged brown scales. (AC +3, +7% HP)
You have supernaturally acute eyesight. (SInv)
Armour fits poorly on your strangely shaped body.
You can roll at nearby foes to attack.
You have a long armoured tail.
You curl defensively after being hit. (AC +7*)


Message History

The moth of wrath bites you but does no damage.
You barely miss the redback.
Your tail-slap misses the redback.
The redback is severely wounded.
You closely miss the moth of wrath. You closely miss the redback.
You feel extremely sick. The redback barely misses you. The redback bites you.
You are lethally poisoned!
The redback poisons you!
Unknown command.
You closely miss the redback.
The redback is severely wounded.
You barely miss the moth of wrath. You slash the redback!
You feel extremely sick.
The redback bites you but does no damage.
The redback closely misses you. The moth of wrath bites you!
The redback misses you. The redback bites you!
Unknown command.
Unknown command.
You completely miss the redback.
The redback is severely wounded.
You hit the redback. You hit the moth of wrath.
* * * LOW HITPOINT WARNING * * *
You feel extremely sick.
The moth of wrath bites you but does no damage.
The redback bites you.
* * * LOW HITPOINT WARNING * * *
The redback misses you.
Unknown command.
Unknown command.
You are too berserk!
You slice the redback!!
You kill the redback!
Trog accepts your kill.
You slash the moth of wrath! You slash the redback!
* * * LOW HITPOINT WARNING * * *
You feel extremely sick. The redback bites you!
* * * LOW HITPOINT WARNING * * *
The moth of wrath bites you!
You die...

..©#.....§.....#©...........©#...
####....§8≈....#######.#######...
.........≈...........#.#........#
########...###########.#........#
......t#...#.........#.#..#######
....^..#...#.........#.#..#8#
...^...#...#[.#...#..#.#..###
......?#...#?....y...#.#..#
..©...©#...#©...@....#©#..###
......=#...#|....s.P.###..#8#
......!#...#..#...#..#....###
....^..#...#.........#....#
.^.....#...#.........#..###
########...###########..#8#
...#©#.......#©#........###
...#.#..≈∩≈..#.#.......§#
####.#########.##########


You could see a moth of wrath and a redback (berserk).

Vanquished Creatures
  Erolcha (D:9)
  A two-headed ogre (D:8)
  A smoke demon (Gauntlet)
  3 unseen horrors
  A gargoyle (D:11)
  A komodo dragon (D:11)
  An ice devil (Gauntlet)
  4 trolls
  Sigmund (D:3)
  A wraith (D:9)
  Eustachio (D:4)
  A redback (Gauntlet)
  Grum (D:9)
  2 vampire mosquitoes (D:12)
  A steam dragon (D:8)
  Edmund (D:4)
  Duvessa (D:5)
  2 water moccasins
  A hornet zombie (D:7)
  2 ice beasts (D:5)
  A necrophage (D:7)
  3 orc warriors
  4 ogres
  2 wolves (D:9)
  4 centaurs
  4 bullfrogs
  A gnoll sergeant (D:12)
  2 scorpions
  A water moccasin skeleton (D:5)
  Dowan (D:5)
  6 killer bees (D:10)
  4 centaur zombies
  2 crimson imps (Gauntlet)
  5 howler monkeys
  A bullfrog zombie (D:5)
  3 jellies
  A gnoll shaman (D:7)
  5 orc priests
  2 hounds
  Terence (D:3)
  2 iguanas (D:5)
  13 orc wizards
  A howler monkey zombie (D:8)
  10 gnolls
  11 adders
  A shadow imp (D:7)
  7 white imps
  A dart slug (D:1)
  23 orcs
  2 ball pythons
  5 bats
  2 endoplasms
  2 giant cockroaches
  10 goblins
  8 hobgoblins
  2 jackals (D:4)
  6 kobolds
  3 frilled lizards
  2 rats (D:2)
192 creatures vanquished.

Vanquished Creatures (others)
  7 fungi (Gauntlet)
  20 plants (Gauntlet)
27 creatures vanquished.

Grand Total: 219 creatures vanquished

Notes
Turn   | Place    | Note
-------+----------+-------------------------------------------
     0 | D:1      | browni3141 the Palentonga Berserker began the quest for the
                  | Orb.
     0 | D:1      | Reached XP level 1. HP: 19/19 MP: 1/1
   340 | D:1      | Reached XP level 2. HP: 25/25 MP: 2/2
  1060 | D:2      | Reached skill level 4 in Axes
  1111 | D:2      | Reached XP level 3. HP: 31/31 MP: 3/3
  1129 | D:2      | Reached ** piety under Trog
  1255 | D:2      | Found a faded altar of an unknown god.
  1725 | D:3      | Noticed Terence
  1746 | D:3      | Killed Terence
  1747 | D:3      | Reached skill level 5 in Axes
  1747 | D:3      | Reached XP level 4. HP: 5/37 MP: 4/4
  2243 | D:3      | Reached XP level 5. HP: 38/43 MP: 5/5
  2253 | D:3      | Noticed Sigmund
  2730 | D:3      | Killed Sigmund
  2731 | D:3      | Reached skill level 6 in Axes
  2731 | D:3      | Reached XP level 6. HP: 50/50 MP: 6/6
  2875 | D:4      | Reached skill level 7 in Axes
  2876 | D:4      | Noticed Eustachio
  2995 | D:4      | Killed Eustachio
  3002 | D:4      | Reached skill level 8 in Axes
  3204 | D:4      | Gained mutation: You curl defensively after being hit. (AC
                  | +7*) [Palentonga growth]
  3204 | D:4      | Reached XP level 7. HP: 55/55 MP: 7/7
  3214 | D:5      | Entered Level 5 of the Dungeon
  3256 | D:4      | Noticed Edmund
  3269 | D:4      | Killed Edmund
  3270 | D:4      | Reached skill level 9 in Axes
  3757 | D:4      | Found a runed translucent door.
  3758 | D:4      | Noticed Crazy Yiuf
  3901 | D:5      | Reached skill level 1 in Evocations
  3905 | D:5      | Reached XP level 8. HP: 62/62 MP: 8/8
  4068 | D:5      | Noticed Dowan
  4069 | D:5      | Noticed Duvessa
  4078 | D:5      | Killed Dowan
  4082 | D:5      | Killed Duvessa
  4677 | D:6      | Found a white marble altar of Elyvilon.
  4786 | D:6      | Reached *** piety under Trog
  4928 | D:6      | Found a staircase to the Ecumenical Temple.
  5217 | D:6      | Reached XP level 9. HP: 70/70 MP: 9/9
  5924 | D:7      | Reached skill level 10 in Axes
  6455 | D:8      | Reached skill level 5 in Evocations
  6462 | D:8      | Reached skill level 5 in Fighting
  6464 | D:8      | Reached skill level 5 in Dodging
  6658 | D:8      | Noticed a two-headed ogre
  6663 | D:8      | Killed a two-headed ogre
  6881 | D:8      | Reached XP level 10. HP: 81/81 MP: 10/10
  7264 | D:8      | Found Nuushresch's Magic Scroll Shoppe.
  7272 | D:8      | Bought a scroll of identify for 28 gold pieces
  7293 | D:8      | Found Rapnoasch's Assorted Antiques.
  7498 | D:9      | Noticed Erolcha
  7506 | D:9      | Killed Erolcha
  7546 | D:9      | Reached **** piety under Trog
  7690 | D:9      | Noticed Grum
  7703 | D:9      | Killed Grum
  8181 | D:10     | Entered Level 10 of the Dungeon
  8181 | D:10     | Found a staircase to the Orcish Mines.
  8358 | D:10     | Reached skill level 11 in Axes
  9401 | D:11     | Reached XP level 11. HP: 70/89 MP: 11/11
  9481 | D:11     | Found a staircase to the Lair.
  9582 | D:11     | Found a bloodstained altar of Trog.
  9582 | D:11     | Noticed Firecrotchwizard's ghost (journeyman HOMo)
  9582 | D:11     | Noticed a two-headed ogre
  9583 | D:11     | Noticed a tengu warrior
  9590 | D:11     | Found a transporter.
  9593 | D:11     | Found a transporter.
  9987 | D:11     | Noticed a two-headed ogre
 10032 | D:12     | Found a gate leading to a gauntlet.
 10296 | Gauntlet | Entered a Gauntlet
 10296 | Gauntlet | Found a transporter.
 10296 | Gauntlet | Found a transporter.
 10300 | Gauntlet | Found a transporter.
 10300 | Gauntlet | Found a transporter.
 10308 | Gauntlet | Noticed a sixfirhy
 10310 | Gauntlet | Found a transporter.
 10320 | Gauntlet | Found a transporter.
 10320 | Gauntlet | Found a transporter.
 10324 | Gauntlet | Found a transporter.
 10351 | Gauntlet | Found a transporter.
 10358 | Gauntlet | Found a transporter.
 10388 | Gauntlet | Found a transporter.
 10421 | Gauntlet | Found a transporter.
 10437 | Gauntlet | Found a transporter.
 10522 | Gauntlet | Found a transporter.
 10537 | Gauntlet | Found a transporter.
 10550 | Gauntlet | Noticed an oklob plant
 10551 | Gauntlet | Found a transporter.
 11088 | Gauntlet | Mangled by a moth of wrath

Illustrated notes

Levels and vault maps discovered:
D:1:      dpeg_arrival_ternary, layout_loops_corners, minmay_unequal
D:2:      layout_loops_cross, hellmonk_ecumenical_altar_leap_of_faith,
          chequers_serial_rivers_micro_d, hex_tiny, hangedman_feature_mirror
D:3:      layout_loops_ring, uniq_terence, uniq_sigmund
D:4:      layout_cave_pools, minmay_misc_feat_rugged, uniq_crazy_yiuf_cottage,
          uniq_eustachio, uniq_edmund
D:5:      layout_basic, uniq_duvessa
D:6:      layout_basic, mainiacjoe_overflow_cross_hatched, temple_green
D:7:      layout_loops_ring, minmay_misc_feat_rows,
          chequers_serial_rivers_micro_d, minmay_diced_spiral
D:8:      layout_basic, serial_shops, shop, nicolae_square_shop
D:9:      layout_irregular_city, st_stairs_10, serial_park_tiny_pond, uniq_grum,
          uniq_erolcha
D:10:     layout_long_grid, orc_0_dummy
D:11:     layout_roguey, lair_entry_dummy, gammafunk_ghost_wrathful_warriors
D:12:     layout_roguey, gauntlet_entry_generic, nicolae_trove_entry_columns
Gauntlet: gammafunk_gauntlet_branching [nicolae_gauntlet_swirl,
          gammafunk_gauntlet_arena_crates, gammafunk_gauntlet_arena_grid,
          nicolae_gauntlet_arena_flowing_pool, gammafunk_gauntlet_arena_corners,
          gammafunk_gauntlet_arena_split_diamond,
          gammafunk_gauntlet_arena_hedges, gammafunk_gauntlet_arena_open,
          gauntlet_exit_hidden_loot]

Skill      XL: |  1  2  3  4  5  6  7  8  9 10 11 |
---------------+----------------------------------+-----
Axes           | 4 5 6 8 9 10 11 | 11.4
Evocations     | 1 4 5 6 |  6.6
Dodging        | 2 4 6 7 8 |  8.3
Fighting       | 4 5 7 |  7.5
Armour         | |  1.5

Action                   |  1- 3 |  4- 6 |  7- 9 | 10-12 || total
-------------------------+-------+-------+-------+-------++-------
Melee: Hand axe          |    83 |    69 |    61 |       ||   213
       Tailslap          |     9 |     6 |    36 |    38 ||    89
       War axe           |       |       |   151 |   182 ||   333
       Unarmed           |       |       |       |     2 ||     2
Invok: Berserk           |     2 |     4 |    11 |     7 ||    24
       Trog's Hand       |       |     1 |     1 |     1 ||     3
 Abil: Rolling Charge    |    15 |     9 |    36 |    27 ||    87
Evoke: Wand              |       |       |     4 |     1 ||     5
  Use: Scroll            |       |       |     7 |     4 ||    11
 Stab: Paralysed         |       |       |     2 |     2 ||     4
Armor: Animal skin       |     1 |       |       |       ||     1
       Scale mail        |    21 |       |       |       ||    21
       Ring mail         |    13 |    26 |    77 |   110 ||   226
Dodge: Dodged            |    30 |    32 |    68 |   121 ||   251

Table legend: (Time is in decaauts)
 A = Elapsed time spent in this place.
 B = Non-inter-level travel time spent in this place.
 C = Inter-level travel time spent in this place.
 D = Time resting spent in this place.
 E = Time spent auto-exploring this place.
 F = Levels seen in this place.
 G = Mean time per level.
                   A        B        C        D        E       F      G
               +--------+--------+--------+--------+--------+-----+--------+
         Total |  11293 |  10858 |    435 |   2106 |   6938 |  13 |  868.7 |
       Dungeon |  10500 |  10065 |    435 |   2001 |   6685 |  12 |  875.0 |
      Gauntlet |    793 |    793 |      0 |    105 |    253 |   1 |  793.0 |
               +--------+--------+--------+--------+--------+-----+--------+

Top non-repeatable levels by time:
     D:2: 1114 daAuts
     D:7: 1093 daAuts
     D:3: 1049 daAuts
    D:11: 1008 daAuts
     D:1: 1003 daAuts
     D:8: 878 daAuts
     D:9: 875 daAuts
    D:10: 858 daAuts
     D:5: 807 daAuts
     D:6: 805 daAuts
Gauntlet: 793 daAuts
     D:4: 732 daAuts
    D:12: 270 daAuts
